 Dungeon Crawl Stone Soup version 0.29.0 (webtiles) character file.

Game seed: 16233339461557337387

49 malesh the Sneak (level 3, -2/17 HPs)
             Began as a Vine Stalker Enchanter on Aug 30, 2022.
             Slain by a phantom (3 damage)
             ... on level 2 of the Dungeon.
             The game lasted 00:05:11 (1691 turns).

malesh the Sneak (Vine Stalker Enchanter)           Turns: 1691, Time: 00:05:12

Health: -2/17      AC:  4    Str: 10    XL:     3   Next: 77%
Magic:  0/7        EV: 12    Int: 17    God:
Gold:   71         SH:  0    Dex: 20    Spells: 1/6 levels left

rFire   . . .      SeeInvis .   a - +1 dagger
rCold   . . .      Faith    .   (no shield)
rNeg    . . .      Spirit   +   b - +0 robe
rPois   .          Reflect  .   (no helmet)
rElec   .          Harm     .   (no cloak)
rCorr   .          Rampage  .   (no gloves)
Will    .....                   g - +1 pair of boots
Stlth   +++.......              (no amulet)
HPRegen 0.05/turn               e - +6 ring of dexterity
MPRegen 0.10/turn               (no ring)

@: invisible
A: fangs 2, magic shield, antimagic bite, no potion heal 2
a: no special abilities


You were on level 2 of the Dungeon.
You visited 1 branch of the dungeon, and saw 2 of its levels.

You collected 71 gold pieces.

Inventory:

Hand Weapons
 a - a +1 dagger (weapon)
Armour
 b - a +0 robe (worn)
 g - a +1 pair of boots (worn)
Jewellery
 e - a +6 ring of dexterity (left hand)
Scrolls
 d - 2 scrolls of teleportation {unknown}
 f - 2 scrolls of identify {unknown}
 h - a scroll of immolation {unknown}
Potions
 c - a potion of invisibility
 i - a potion of curing {unknown}
 j - a potion of berserk rage {unknown}
 k - a potion of degeneration {unknown}


   Skills:
 * Level 0.4 Fighting
 * Level 1.5 Short Blades
 * Level 2.0 Dodging
 + Level 4.0 Stealth
 + Level 2.4 Spellcasting
 * Level 3.4 Hexes
 + Level 0.2 Ice Magic


You had one spell level left.
You knew the following spells:

 Your Spells              Type           Power      Damage    Failure   Level
a - Ensorcelled Hibernat  Hex/Ice        16%        N/A       13%         2
b - Confusing Touch       Hex            13%        N/A       14%         3

Your spell library contained the following spells:

 Spells                   Type           Power      Damage    Failure   Level
 Tukima's Dance           Hex            13%        N/A       14%         3
 Sublimation of Blood     Necr           2%         N/A       28%         2
 Dazzling Flash           Conj/Hex       14%        N/A       28%         3
 Petrify                  Tmut/Erth      2%         N/A       88%         4
 Silence                  Hex/Air        3%         N/A       95%         5
 Agony                    Necr           2%         N/A       99%         5
 Irradiate                Conj/Tmut      1%         3d12      99%         5


Dungeon Overview and Level Annotations

Branches:
Dungeon (2/15)

Altars:


Innate Abilities, Weirdness & Mutations

You have extremely sharp teeth.
When hurt, damage is shared between your health and your magic reserves.
Your bite disrupts and absorbs the magic of your enemies.
Potions cannot restore your health.


Message History

A kobold comes into view. It is wielding a +0 club.
Found a stone staircase leading up.
The phantom closely misses you.
You hit the phantom.
The phantom is lightly damaged.
The kobold shouts!
The phantom closely misses you. The kobold attacks as you move away!
The kobold completely misses you. The kobold attacks as you move away!
The kobold hits you with a +0 club. The kobold attacks as you move away!
The kobold barely misses you. The phantom attacks as you move away!
The phantom closely misses you. The kobold attacks as you move away!
The kobold hits you but does no damage. The phantom attacks as you move away!
The phantom barely misses you. The kobold attacks as you move away!
The kobold misses you.
Casting: Ensorcelled Hibernation (safe; 13% risk of failure)
Confirm with . or Enter, or press ? or * to list all spells.
The spell is astonishingly dangerous to miscast (14% risk of failure)!
Continue anyway?
You miscast Confusing Touch.
You are very lightly contaminated with residual magic.
Nothing appears to happen.
The phantom hits you.
The phantom blinks!
You blink.
Casting: Confusing Touch (astonishingly dangerous; 14% risk of failure)
Confirm with . or Enter, or press ? or * to list all spells.
You don't have enough magic to cast this spell.
Unknown command.
Unknown command.
The phantom attacks as you move away! The phantom hits you.
The kobold closely misses you. The kobold hits you with a +0 club.
The kobold hits you but does no damage. The kobold attacks as you move away!
The kobold hits you but does no damage. The phantom attacks as you move away!
The phantom hits you. The phantom attacks as you move away!
The phantom hits you!
* * * LOW HITPOINT WARNING * * *
Your magical contamination has completely faded away.
Casting: Confusing Touch (astonishingly dangerous; 14% risk of failure)
Confirm with . or Enter, or press ? or * to list all spells.
You don't have enough magic to cast this spell.
Okay, then.
You fade into invisibility!
The phantom hits you.
You die...

.... ............
#......<.## .....
#...........
#.........^
.....###...........
#........#.
#.................
........>..
#...............
.######..<#
######...####..
#....
....####..K.##
#########...#
##...#####..##
#.......†...#
#..⌠...####W@#
#.........†##
##........###.#
#..........##
#.............#
#.............
#........⌠.##.#
#...######).##
.....⌠.....#.......
#........#
.⌠........##.#....
#........#
......†(..#..
......#........#
###........##.#
......#........#
#.###...⌠..#..
......#.......##


You could see a phantom (unable to see you) and a kobold (unable to see you).

Vanquished Creatures
  2 adders (D:2)
  5 ball pythons
  6 endoplasms
  A giant cockroach (D:2)
  2 goblins (D:2)
  2 hobgoblins (D:1)
  4 kobolds (D:1)
  A quokka (D:1)
  3 bats
  2 frilled lizards
28 creatures vanquished.

Notes
Turn   | Place    | Note
-------+----------+-------------------------------------------
     0 | D:1      | malesh the Vine Stalker Enchanter began the quest for the
                  | Orb.
     0 | D:1      | Reached XP level 1. HP: 9/9 MP: 4/4
   321 | D:1      | Reached skill level 1 in Short Blades
   321 | D:1      | Reached XP level 2. HP: 2/13 MP: 3/6
   324 | D:1      | Learned a level 2 spell: Ensorcelled Hibernation
  1148 | D:2      | Reached XP level 3. HP: 16/16 MP: 2/7
  1220 | D:2      | Reached skill level 4 in Stealth
  1651 | D:2      | Learned a level 3 spell: Confusing Touch
  1667 | D:2      | Noticed a phantom
  1691 | D:2      | Slain by a phantom

Illustrated notes

Levels and vault maps discovered:
D:1:      evilmike_arrival_crescent, layout_loops_ring
D:2:      minmay_skewed_foursquare, layout_basic

Skill      XL: |  1  2  3 |
---------------+----------+-----
Short Blades   | 1 |  1.5
Stealth        | 4 |  4.0
Dodging        | 2 |  2.0
Fighting       | |  0.4
Spellcasting   | |  2.4
Hexes          | |  3.4
Ice Magic      | |  0.2

Action                   || total
-------------------------++-------
Melee: Dagger            ||    57
       Bite              ||    11
 Cast: Ensorcelled Hiber ||    13
  Use: Potion            ||     1
 Stab: Sleeping          ||    14
Armor: Robe              ||    17
Dodge: Dodged            ||    45
